 Dungeon Crawl Stone Soup version 0.30-a0-883-g5ad918d77d (webtiles) character file.

Game seed: 3380152142511617047

28427 112233 the Thaumaturge (level 13, 0/198 HPs)
             Began as an Octopode Venom Mage on Mar 14, 2023.
             Was an Initiate of Gozag.
             Slain by a freezing wraith (4 damage)
             ... in an ice cave on Mar 15, 2023.
             The game lasted 00:32:20 (20693 turns).

112233 the Thaumaturge (Octopode Venom Mage)       Turns: 20693, Time: 00:32:20

Health: 0/198      AC: 26    Str: 13    XL:     13   Next: 38%
Magic:  6/29       EV:  2    Int: 30    God:    Gozag
Gold:   1047       SH:  0    Dex: 14    Spells: 20/36 levels left

rFire   . . .      SeeInvis +    N - +3 quick blade (elec)
rCold   + . .      Faith    .    f - orb {light}
rNeg    + . .      Spirit   .    (helmet currently unavailable)
rPois   +          Reflect  .    (no amulet)
rElec   .          Rampage  .    G - ring "Suhaut" {Str+6 Int+3 Slay+4}
rCorr   +          NoTele   +    h - ring of positive energy
Will    .....                    d - ring of resist corrosion Stlth
                                 s - ring of protection from cold
HPRegen 0.53/turn                I - +6 ring of intelligence
MPRegen 0.21/turn                e - ring of poison resistance
                                 O - ring of see invisible
                                 (no ring)

@: berserking (expiring), tree-form, marked, gold aura, slowed, glowing
A: stationary, stasis, torment immunity, boosted hp, almost no armour,
(amphibious), 8 rings, (camouflage 1), (gelatinous body 1), (nimble swimmer 1),
(tentacles)
a: Renounce Religion, Potion Petition, Call Merchant, Bribe Branch


You were in an ice cave.
You worshipped Gozag.
Gozag was most pleased with you.
You were a tree.
You visited 3 branches of the dungeon, and saw 16 of its levels.
You also visited: Ice Cave.

You collected 3487 gold pieces.
You spent 1456 gold pieces at shops.
You paid 984 gold pieces to Gozag.

Inventory:

Hand Weapons
 N - a +3 quick blade of electrocution (weapon)
 Q - a +0 demon trident
Missiles
 j - 2 throwing nets
Armour
 f - an orb of light (worn)
Magical Staves
 C - a staff of air
Jewellery
 d - a ring of resist corrosion (on tentacle)
 e - a ring of poison resistance (on tentacle)
 h - a ring of positive energy (right branch)
 s - a ring of protection from cold (on tentacle)
 G - the ring "Suhaut" (left branch) {Str+6 Int+3 Slay+4}
   (You bought it in a shop on level 4 of the Dungeon)

   [ring of strength]

   Str:       It affects your strength (+6).
   Int:       It affects your intelligence (+3).
   Slay:      It affects your accuracy & damage with ranged weapons and melee
   (+4).
 I - a +6 ring of intelligence (on tentacle)
 O - a ring of see invisible (on tentacle)
Wands
 k - a wand of flame (8)
 u - a wand of charming (41)
 E - a wand of iceblast (12)
 F - a wand of polymorph (5)
 J - a wand of mindburst (7)
Scrolls
 b - 3 scrolls of silence
 g - 5 scrolls of noise
 i - 2 scrolls of brand weapon
 m - 4 scrolls of blinking
 o - 2 scrolls of fear
 q - 2 scrolls of teleportation
 v - a scroll of enchant armour
 w - 2 scrolls of poison
 x - a scroll of amnesia
 y - 4 scrolls of immolation
 L - a scroll of magic mapping {unknown}
 M - 2 scrolls of identify
 P - a scroll of fog {unknown}
 R - a scroll of vulnerability {unknown}
Potions
 c - a potion of haste {unknown}
 l - 3 potions of brilliance
 p - a potion of berserk rage
 r - 2 potions of heal wounds {unknown}
 t - 4 potions of mutation
 z - a potion of resistance {unknown}
 A - 4 potions of flight
 B - a potion of might {unknown}
 D - 2 potions of curing
 H - a potion of invisibility
Miscellaneous
 K - a tin of tremorstones (1/2)


   Skills:
 - Level 7.8 Fighting
 - Level 11.5 Dodging
 - Level 4.0 Stealth
 * Level 12.0 Spellcasting
 + Level 5.4 Conjurations
 - Level 2.6 Transmutations
 + Level 5.2 Earth Magic
 - Level 11.6 Poison Magic


You had 20 spell levels left.
You knew the following spells:

 Your Spells              Type           Power      Damage    Failure   Level
a - Sting                 Tmut/Pois      100%       1d8       1%          1
b - Stone Arrow           Conj/Erth      100%       3d13      1%          3
c - Olgreb's Toxic Radia  Pois           73%        N/A       1%          4
d - Ignite Poison         Fire/Tmut/Pois 46%        N/A       1%          3
e - Mephitic Cloud        Conj/Pois/Air  51%        N/A       1%          3
f - Poisonous Vapours     Pois/Air       100%       N/A       1%          2

Your spell library contained the following spells:

 Spells                   Type           Power      Damage    Failure   Level
 Foxfire                  Conj/Fire      100%       2x1d9     1%          1
 Wereblood                Tmut           33%        N/A       1%          2
 Necrotise                Necr           72%        1d7       2%          1
 Hailstorm                Conj/Ice       34%        3d9       2%          3
 Sublimation of Blood     Necr           18%        N/A       4%          2
 Inner Flame              Hex/Fire       18%        N/A       9%          3
 Ozocubu's Armour         Ice            18%        N/A       9%          3
 Vampiric Draining        Necr           18%        2d7       9%          3
 Flame Wave               Conj/Fire      34%        2d10      10%         4
 Sticky Flame             Conj/Fire      34%        2d5       10%         4
 Ice Form                 Ice/Tmut       25%        N/A       17%         4
 Agony                    Necr           18%        N/A       61%         5
 Metabolic Englaciation   Hex/Ice        9%         N/A       61%         5
 Summon Hydra             Summ           9%         N/A       100%        7
 Ignition                 Fire           9%         3d5       100%        8
 Lehudib's Crystal Spear  Conj/Erth      25%        10d7      100%        8
 Animate Armour           Summ/Erth      Unusable   N/A       N/A         4
 Simulacrum               Ice/Necr       Unusable   N/A       N/A         6

Dungeon Overview and Level Annotations

Branches:
Dungeon (13/15)            Temple (1/1) D:4            Lair (2/5) D:8
    Orc (0/2) D:10          IceCv (1/1)
  Swamp: Lair:2-3    Shoals: Lair:2-3     Snake: Lair:2-3    Spider: Lair:2-3
 Vaults: D:13-14

Altars:
Ashenzari
Cheibriados
Dithmenos
Elyvilon
Fedhas
Gozag
Kikubaaqudgha
Makhleb
Okawaru
Qazlal
Ru
Sif Muna
Trog
Uskayaw
Vehumet
Wu Jian
Xom
Yredelemnul
Zin
The Shining One

Shops:
D:4 =   D:7 *   D:8 [   D:12 :

Portals:
Trove: D:12 (give horn of Geryon)

Annotations:
D:3 1 runed translucent door, Crazy Yiuf


Innate Abilities, Weirdness & Mutations

You are a tree.
Your roots penetrate the ground, keeping you stationary.
You cannot be teleported.
You are immune to unholy pain and torment.
Your maximum health is greatly increased.
You cannot wear most types of armour.
((You are amphibious.))
You can wear up to eight rings at the same time.
((Your skin changes colour to match your surroundings (Stealth+).))
((Your rubbery body absorbs attacks. (AC +1, EV +1)))
((You are camouflaged when in or above water. (Stealth+)))
((You have tentacles for arms and can constrict up to eight enemies at once.))


Message History

The ice devil hits you but does no damage. x2
An ice devil comes into view.
You puncture the freezing wraith!
The freezing wraith is heavily damaged.
The ice devil hits you but does no damage. x2
The freezing wraith hits you but does no damage. x2
A freezing wraith comes into view.
The ice devil hits you! The ice devil freezes you! You resist.
Unknown command.
You puncture the freezing wraith!
The freezing wraith is severely damaged.
Unknown command.
You hit the freezing wraith but do no damage.
The freezing wraith is severely damaged.
You feel yourself speed up. The ice devil hits you. The ice devil freezes you!
You resist.
* * * LOW HITPOINT WARNING * * *
The ice devil hits you but does no damage.
The freezing wraith hits you.
* * * LOW HITPOINT WARNING * * *
The freezing wraith freezes you! You resist.
* * * LOW HITPOINT WARNING * * *
The freezing wraith hits you!
* * * LOW HITPOINT WARNING * * *
The freezing wraith drains your vigour!
You feel yourself slow down. The ice devil hits you.
* * * LOW HITPOINT WARNING * * *
The ice devil freezes you! You resist.
* * * LOW HITPOINT WARNING * * *
You completely miss the freezing wraith.
The freezing wraith is severely damaged.
The ice devil hits you but does no damage.
An ice devil comes into view.
The freezing wraith hits you.
* * * LOW HITPOINT WARNING * * *
The freezing wraith freezes you! You resist.
* * * LOW HITPOINT WARNING * * *
The freezing wraith hits you.
You die...
Your body crumbles into a pile of gold.

##..§#§○..##........8###
#...###§..##.........([#
$ #...##
☼○○§..........[[# ##...#
§§§#☼#.......####
##...###.§§####...###
#.....#########..## ###
...∩...# ##..#### ###.##
.......#
#.4Z#44#####....#####
#..∩..##
###44♣W4#...W##..W#.##
##...##
#####pW..######...4.
##### ###### ##.##.
#####


You could see 6 ice devils, 2 freezing wraiths, a necromancer and a polar bear
simulacrum.

Vanquished Creatures
  Erica (D:9)
  A catoblepas (D:12)
  2 centaur warriors
  A boulder beetle (D:12)
  4 two-headed ogres
  An orc knight (D:10)
  2 cyclopes
  An ice statue (IceCv)
  A black mamba (Lair:1)
  2 cane toads
  A gargoyle (D:11)
  Maggie (D:8)
  2 rime drakes (Lair:2)
  4 freezing wraiths (IceCv)
  2 komodo dragons
  An anaconda simulacrum (IceCv)
  4 ice devils (IceCv)
  9 trolls
  A polar bear (D:11)
  3 blink frogs (Lair:1)
  5 centaur simulacra (D:11)
  Sigmund (D:5)
  3 jumping spiders (Lair:2)
  A wraith (D:9)
  4 culicivoras (Lair:2)
  2 wyverns
  27 yaks
  2 harpy simulacra (IceCv)
  4 death yak simulacra (IceCv)
  4 acid dragons
  4 water moccasins
  3 ice beasts
  2 sky beasts
  A meliai simulacrum (D:11)
  7 orc warriors
  5 black bears
  4 ogres
  6 wolves
  3 centaurs
  2 phantoms
  4 bullfrogs
  9 kobold brigands
  3 scorpions (D:6)
  2 cane toad simulacra (IceCv)
  4 gnoll sergeants (D:10)
  7 wights
  An elephant simulacrum (IceCv)
  A howler monkey (D:10)
  5 electric eels
  2 vampire bats (D:7)
  6 orc priests
  6 hounds
  A jelly (D:6)
  2 gnoll boudas
  An iguana (D:7)
  2 sleepcaps (D:6)
  Ijyb (D:3)
  Terence (D:3)
  10 orc wizards
  2 polar bear simulacra (IceCv)
  5 wolf simulacra (IceCv)
  A hound skeleton (D:4)
  A mummy (D:5)
  13 gnolls
  4 adders
  A naga simulacrum (IceCv)
  A shadow imp (D:4)
  A howler monkey simulacrum (D:11)
  7 white imps
  8 ufetubi
  An adder zombie (D:4)
  3 worms
  7 dart slugs
  40 orcs
  3 ball pythons
  2 bats
  4 bat skeletons (D:7)
  2 bat zombies (D:7)
  3 endoplasms
  4 giant cockroaches
  8 goblins
  9 hobgoblins
  6 jackals
  A quokka (D:4)
  4 frilled lizards
  3 hobgoblin zombies (D:5)
  20 kobolds
  A kobold zombie (D:5)
  3 rats
370 creatures vanquished.

Vanquished Creatures (others)
  3 fungi (Lair:2)
  4 plants
7 creatures vanquished.

Grand Total: 377 creatures vanquished

Notes
Turn   | Place    | Note
-------+----------+-------------------------------------------
     0 | D:1      | 112233 the Octopode Venom Mage began the quest for the Orb.
     0 | D:1      | Reached XP level 1. HP: 11/11 MP: 3/3
   318 | D:1      | Reached XP level 2. HP: 16/17 MP: 1/5
   644 | D:1      | Learned a level 2 spell: Poisonous Vapours
   910 | D:2      | Reached XP level 3. HP: 21/21 MP: 0/6
  1343 | D:3      | Reached XP level 4. HP: 27/27 MP: 0/7
  1838 | D:3      | Noticed Terence
  1849 | D:3      | Killed Terence
  2065 | D:3      | Noticed Ijyb
  2075 | D:3      | Killed Ijyb
  2207 | D:3      | Found a runed translucent door.
  2208 | D:3      | Noticed Crazy Yiuf
  2283 | D:3      | Reached XP level 5. HP: 31/31 MP: 5/9
  2453 | D:3      | Learned a level 4 spell: Olgreb's Toxic Radiance
  2787 | D:4      | Found a staircase to the Ecumenical Temple.
  2828 | D:4      | Noticed a black bear
  2864 | Temple   | Entered the Ecumenical Temple
  2877 | Temple   | Became a worshipper of Gozag Ym Sagoz the Greedy
  2950 | D:4      | Killed a black bear
  2951 | D:4      | Reached skill level 3 in Spellcasting
  2951 | D:4      | Reached skill level 5 in Poison Magic
  2951 | D:4      | Reached XP level 6. HP: 33/36 MP: 0/11
  3140 | D:5      | Entered Level 5 of the Dungeon
  3309 | D:5      | Noticed Sigmund
  3330 | D:5      | Killed Sigmund
  3331 | D:5      | Reached skill level 4 in Spellcasting
  3468 | D:4      | Reached XP level 7. HP: 41/41 MP: 5/13
  3904 | D:4      | Found Ceetumago's Jewellery Shoppe.
  4398 | D:5      | Reached skill level 5 in Spellcasting
  4595 | D:5      | Found a sacrificial altar of Ru.
  4738 | D:5      | Found a shimmering altar of Xom.
  5112 | D:5      | Reached XP level 8. HP: 21/46 MP: 4/16
  5324 | D:5      | Found a shimmering blue altar of Sif Muna.
  5423 | D:5      | Got Sif Muna's Compendium of Calefaction
  5486 | D:6      | Learned a level 3 spell: Mephitic Cloud
  5782 | D:6      | Reached skill level 6 in Spellcasting
  6270 | D:6      | Reached skill level 1 in Fighting
  6548 | D:6      | Reached XP level 9. HP: 54/54 MP: 8/19
  6620 | D:6      | Found a glowing silver altar of Zin.
  6646 | D:6      | Identified the +1 robe of the Sunfish {Harm rElec}
  7316 | D:7      | Found a hide-covered altar of Uskayaw.
  7569 | D:7      | Found an ancient bone altar of Kikubaaqudgha.
  7588 | D:7      | Reached skill level 5 in Dodging
  7588 | D:7      | Reached skill level 7 in Spellcasting
  7779 | D:7      | Found a burning altar of Makhleb.
  7803 | D:7      | Found Jimomnah's General Store.
  7882 | D:7      | Bought a scroll of teleportation for 39 gold pieces
  7882 | D:7      | Bought a scroll of identify for 26 gold pieces
  7882 | D:7      | Bought a scroll of immolation for 52 gold pieces
  7960 | D:7      | Found an iron altar of Okawaru.
  8134 | D:7      | Learned a level 3 spell: Ignite Poison
  8416 | D:8      | Noticed Maggie
  8426 | D:8      | Killed Maggie
  8884 | D:8      | Reached skill level 10 in Poison Magic
  8884 | D:8      | Reached XP level 10. HP: 63/63 MP: 9/21
  9045 | D:8      | Found a radiant altar of Vehumet.
  9283 | D:8      | Found a snail-covered altar of Cheibriados.
  9369 | D:8      | Found a staircase to the Lair.
  9402 | D:8      | Reached skill level 8 in Spellcasting
  9598 | D:8      | Reached skill level 5 in Fighting
  9796 | D:8      | Found Nudiaxta's Armour Shop.
 10028 | D:4      | Bought the ring "Suhaut" {Str+6 Int+3 Slay+4} for 727 gold
                  | pieces
 10657 | D:9      | Found a glowing golden altar of the Shining One.
 10670 | D:9      | Noticed Erica
 10678 | D:9      | Killed Erica
 10679 | D:9      | Reached XP level 11. HP: 34/72 MP: 2/23
 11243 | D:10     | Entered Level 10 of the Dungeon
 11393 | D:10     | Found a broken altar of Ashenzari.
 11576 | D:10     | Found a staircase to the Orcish Mines.
 13254 | D:11     | Reached skill level 10 in Dodging
 13408 | D:12     | Noticed a two-headed ogre
 13412 | D:12     | Killed a two-headed ogre
 13413 | D:12     | Reached skill level 9 in Spellcasting
 13549 | D:12     | Found a portal to a secret trove of treasure.
 13616 | D:12     | Upgraded the game from 0.30-a0-879-ga8ba668304 to
                  | 0.30-a0-883-g5ad918d77d
 13623 | D:12     | Noticed a cyclops
 13636 | D:12     | Killed a cyclops
 13948 | D:12     | Noticed a two-headed ogre
 13951 | D:12     | Killed a two-headed ogre
 13999 | D:12     | Noticed a centaur warrior
 14006 | D:12     | Killed a centaur warrior
 14269 | D:12     | Noticed a two-headed ogre
 14274 | D:12     | Killed a two-headed ogre
 14275 | D:12     | Reached XP level 12. HP: 36/81 MP: 13/25
 14656 | D:13     | Noticed a centaur warrior
 14663 | D:13     | Killed a centaur warrior
 14910 | D:13     | Noticed a five-headed hydra
 14958 | D:12     | Noticed a catoblepas
 14967 | D:12     | Killed a catoblepas
 15033 | D:12     | Noticed a boulder beetle
 15037 | D:12     | Killed a boulder beetle
 15617 | D:12     | Bought a book of Armaments for 612 gold pieces
 15621 | D:12     | Learned a level 3 spell: Stone Arrow
 15658 | D:11     | Noticed a two-headed ogre
 15667 | D:11     | Killed a two-headed ogre
 15668 | D:11     | Reached skill level 1 in Conjurations
 15741 | D:11     | Reached skill level 10 in Spellcasting
 15741 | D:11     | Reached skill level 1 in Earth Magic
 17530 | D:9      | Found a bloodstained altar of Trog.
 17732 | Lair:1   | Entered Level 1 of the Lair of Beasts
 18186 | Lair:1   | Reached skill level 11 in Spellcasting
 18523 | Lair:1   | Reached XP level 13. HP: 88/88 MP: 15/28
 19294 | Lair:2   | Found a frozen archway.
 19607 | IceCv    | Entered an ice cave
 20011 | IceCv    | Reached skill level 5 in Conjurations
 20222 | IceCv    | Reached skill level 5 in Earth Magic
 20685 | IceCv    | Reached skill level 12 in Spellcasting
 20693 | IceCv    | HP: 4/198 [freezing wraith (9)]
 20693 | IceCv    | Slain by a freezing wraith

Illustrated notes

Levels and vault maps discovered:
D:1:      amcnicky_arrival_single_pillar, layout_loops_cross, minivault_4
D:2:      layout_rooms, uniq_natasha
D:3:      layout_loops_ring, uniq_crazy_yiuf_cottage, uniq_terence,
          uniq_grinder, uniq_ijyb
D:4:      kennysheep_slugbush, layout_gridville, minmay_temple_entry_poolview,
          serial_shops, nicolae_shop_behind_doors,
          nicolae_ossuary_entry_monument, serial_undead, serial_undead_d,
          serial_undead_f, serial_undead_d, serial_undead_c, serial_undead_d,
          minivault_27
D:5:      layout_rooms, led_sif_book, mainiacjoe_overflow_six_doors_small,
          lemuel_crystal_altar, hangedman_decor_diamond_cutter,
          minmay_mini_ossuary, uniq_sigmund
D:6:      layout_rooms, lemuel_tele_altar, chequers_serial_rivers_small_a
D:7:      layout_cave_pods, mainiacjoe_overflow_alcove_4,
          kennysheep_vampire_church, nicolae_uskayaw_dance_studio,
          old_standard_altar, serial_shops, nicolae_shop_crystal
D:8:      layout_cave_pools, mainiacjoe_overflow_paths,
          mainiacjoe_overflow_boulevard, lair_entry_dummy, serial_shops, shop,
          serial_bayou_pond_a, uniq_maggie
D:9:      layout_small_grid, trog_hazing_becter, old_standard_altar, uniq_erica
D:10:     cheibrodos_orc_bank, layout_irregular_city,
          cheibrodos_ashenzari_chains, kennysheep_orc_monster_closet_entryway,
          amcnicky_mini_pool_small, hive_lemuel
D:11:     layout_grid_maze, serial_ice, serial_ice_j, serial_ice_h,
          serial_ice_d, serial_ice_g, serial_ice_c, serial_ice_e, serial_ice_o,
          serial_ice_n, serial_ice_m, serial_ice_f
D:12:     layout_irregular_city, enter_trove_0
D:13:     layout_layer_cave, bh_walls_and_bars
Temple:   nicolae_temple_ecumenical_triangle
Lair:1:   layout_cave_pods
Lair:2:   layout_gridlike, nicolae_spider_entry_tight_spaces,
          portal_ice_cave_rime, nzn_sisyphean_effort,
          infiniplex_staircase_pool_2, serial_bayou_shore_b, lemuel_fruit_fields
IceCv:    ice_cave_small_necro

Skill      XL: |  1  2  3  4  5  6  7  8  9 10 11 12 13 |
---------------+----------------------------------------+-----
Stealth        | 3 4 |  4.0
Poison Magic   | 4 5 6 7 9 10 11 | 11.6
Transmutations | 2 |  2.6
Spellcasting   | 3 4 5 6 7 8 9 11 12 | 12.0
Dodging        | 4 6 8 11 | 11.5
Fighting       | 1 4 5 7 |  7.8
Conjurations   | 4 5 |  5.4
Earth Magic    | 3 5 |  5.2

Action                     |  1- 3 |  4- 6 |  7- 9 | 10-12 | 13-15 || total
---------------------------+-------+-------+-------+-------+-------++-------
  Melee: Unarmed           |    24 |       |       |       |       ||    24
         Constrict         |     7 |     3 |    19 |     1 |       ||    30
         Tentacles         |     9 |     1 |    15 |     6 |       ||    31
         Dagger            |       |     7 |    67 |    13 |       ||    87
         Punch             |       |       |     1 |     1 |       ||     2
         Quick blade       |       |       |       |     7 |    17 ||    24
   Cast: Sting             |    45 |    39 |   118 |    76 |     1 ||   279
         Poisonous Vapours |     7 |    32 |    50 |    70 |       ||   159
         Olgreb's Toxic Ra |       |     1 |    24 |    39 |     3 ||    67
         Mephitic Cloud    |       |       |     1 |     9 |       ||    10
         Ignite Poison     |       |       |     4 |    63 |     1 ||    68
         Stone Arrow       |       |       |       |    41 |    86 ||   127
 Invoke: Call Merchant     |       |       |       |     1 |       ||     1
         Potion Petition   |       |       |       |       |     1 ||     1
  Evoke: Wand              |       |     1 |     4 |    17 |     8 ||    30
         Tin of tremorston |       |       |       |       |     1 ||     1
    Use: Potion            |     1 |     6 |     2 |       |     2 ||    11
         Scroll            |       |       |       |    20 |     1 ||    21
   Stab: Sleeping          |       |       |     1 |       |       ||     1
 Armour: Skin              |     3 |     3 |    24 |     2 |    30 ||    62
  Dodge: Dodged            |    30 |    17 |   102 |   122 |    29 ||   300

Table legend: (Time is in decaauts)
 A = Elapsed time spent in this place.
 B = Non-inter-level travel time spent in this place.
 C = Inter-level travel time spent in this place.
 D = Time resting spent in this place.
 E = Time spent auto-exploring this place.
 F = Levels seen in this place.
 G = Mean time per level.
                   A        B        C        D        E       F      G
               +--------+--------+--------+--------+--------+-----+--------+
         Total |  20707 |  19597 |   1110 |   3286 |  13966 |  17 | 1218.1 |
       Dungeon |  17735 |  16715 |   1020 |   2750 |  12050 |  13 | 1364.2 |
        Temple |     18 |      7 |     11 |      0 |      3 |   1 |   18.0 |
          Lair |   1874 |   1797 |     77 |    204 |   1420 |   2 |  937.0 |
      Ice Cave |   1080 |   1080 |      0 |    332 |    493 |   1 | 1080.0 |
               +--------+--------+--------+--------+--------+-----+--------+

Top non-repeatable levels by time:
     D:9: 1948 daAuts
    D:11: 1814 daAuts
     D:7: 1761 daAuts
    D:12: 1761 daAuts
    D:10: 1617 daAuts
     D:5: 1603 daAuts
     D:4: 1533 daAuts
     D:8: 1522 daAuts
     D:3: 1522 daAuts
     D:6: 1510 daAuts
  Lair:1: 1453 daAuts
   IceCv: 1080 daAuts
     D:1: 887 daAuts
  Lair:2: 420 daAuts
     D:2: 167 daAuts
